 Dungeon Sprint DCSS version 0.21.1-1-g345015f (webtiles) character file.

3241 Fang the Severer (level 9, -4/97 HPs)
             Began as a Minotaur Berserker on June 5, 2018.
             Was the Champion of Trog.
             Slain by a black mamba (6 damage)
             ... in the Dungeon (Sprint IX: "|||||||||||||||||||||||||||||").
             The game lasted 00:01:21 (589 turns).

Fang the Severer (Minotaur Berserker)                Turns: 589, Time: 00:01:21

Health: -4/97      AC:  4    Str: 25    XL:     9   Next: 67%
Magic:  8/8        EV: 19    Int:  7    God:    Trog [******]
Gold:   29         SH:  0    Dex: 13    Spells: 8/8 levels left

rFire    . . .     SeeInvis .   n - +1 broad axe (chop)
rCold    + . .     Gourm    .   (no shield)
rNeg     . . .     Faith    .   b - +0 animal skin
rPois    .         Spirit   .   (helmet restricted)
rElec    .         Reflect  .   (no cloak)
rCorr    +         Harm     .   (no gloves)
MR       .....     NoTele   +   r - +0 pair of boots of Daress {rC+ rCorr Int+3 Slay+3}
Stlth    ++........             (no amulet)
HPRegen  0.26/turn              o - +2 ring of evasion
MPRegen  0.11/turn              p - +3 ring of dexterity

@: lethally poisoned (-4 -> -56), berserk cooldown, slowed, very slow
A: retaliatory headbutt, horns 2
a: Berserk, Trog's Hand, Brothers in Arms, Burn Spellbooks, Renounce Religion


You were in the Dungeon.
You worshipped Trog.
Trog was exalted by your worship.
You were not hungry.

You visited 1 branch You collected 29 gold pieces.

Inventory:

Hand Weapons
 a - a +0 hand axe
 n - a +1 broad axe of chopping (weapon)
Armour
 b - a +0 animal skin (worn)
 r - the +0 pair of boots of Daress (worn) {rC+ rCorr Int+3 Slay+3}
   (You found it in the Dungeon)

   It affects your intelligence (+3).
   It affects your accuracy and damage with ranged weapons and melee attacks
   (+3).
   It protects you from cold.
   It protects you from acid and corrosion.
Jewellery
 o - a +2 ring of evasion (left hand)
 p - a +3 ring of dexterity (right hand)
Wands
 m - a wand of iceblast (10)
Scrolls
 i - 2 scrolls of blinking
 l - 4 scrolls of remove curse
 s - 3 scrolls of identify
 t - 2 scrolls of enchant weapon
Potions
 d - 6 potions of curing
 e - 7 potions of heal wounds
 f - a potion of haste
 g - 4 potions of magic
 h - a potion of berserk rage
 j - a potion of might
 k - a potion of invisibility
 q - a potion of agility


   Skills:
 + Level 15.0 Fighting
 + Level 17.6 Axes
 + Level 7.8 Armour
 + Level 8.9 Dodging
 + Level 0.9 Stealth


You had 8 spell levels left.
You didn't know any spells.

Dungeon Overview and Level Annotations

Branches:
Dungeon (1/1)

Altars:
Cheibriados
Dithmenos
Elyvilon
Fedhas
Gozag
Hepliaklqana
Kikubaaqudgha
Makhleb
Nemelex Xobeh
Okawaru
Qazlal
Ru
Sif Muna
Trog
Uskayaw
Vehumet
Wu Jian
Xom
Yredelemnul
Zin
The Shining One
Beogh
Jiyva
Lugonu


Innate Abilities, Weirdness & Mutations

You reflexively headbutt those who attack you in melee.
You have a pair of horns on your head.


Message History

You feel very sick. The black mamba completely misses you.
The black mamba bites you!
* * * LOW HITPOINT WARNING * * *
You are more poisoned.
The black mamba poisons you!
You hit the black mamba but do no damage.
Your headbutt misses the black mamba.
The black mamba is severely wounded.
* * * LOW HITPOINT WARNING * * *
You feel very sick. The black mamba bites you.
* * * LOW HITPOINT WARNING * * *
You are more poisoned.
The black mamba poisons you! The black mamba misses you.
You slash the black mamba!
The black mamba is almost dead.
* * * LOW HITPOINT WARNING * * *
You feel very sick. The black mamba bites you.
You die...

▓▓▓▓▓▓▓▓▓▓▓▓▓▓▓▓▓▓▓▓▓▓▓▓
......S@)'.............'
▓▓▓▓▓▓▓▓▓▓▓▓▓▓▓▓▓▓▓▓▓▓▓▓▓▓▓▓▓▓▓▓▓
.................................
▓▓▓▓▓▓▓▓▓▓▓▓▓▓▓▓▓▓▓▓▓▓▓▓▓▓▓▓▓▓▓▓▓
_______________________'.....)...
▓▓▓▓▓▓▓▓▓▓▓▓▓▓▓▓▓▓▓▓▓▓▓▓▓▓▓▓▓▓▓▓▓


You could see a black mamba.

Vanquished Creatures
  A two-headed ogre (D)
  A cyclops (D)
  An elephant (D)
  A spiny frog (D)
  A troll (D)
  3 yaks (D)
  A soldier ant (D)
  A water moccasin (D)
  A porcupine (D)
  2 ogres (D)
  An eye of draining (D)
  A phantom (D)
  A centaur (D)
  2 bullfrogs (D)
  2 hounds (D)
  A worker ant (D)
  An adder (D)
  A worm (D)
  A dart slug (D)
  An orc (D)
  A ball python (D)
  A bat (D)
  A bat zombie (D)
  A hobgoblin (D)
  A kobold (D)
30 creatures vanquished.

Notes
Turn   | Place    | Note
-------+----------+-------------------------------------------
     0 | D        | Fang the Minotaur Berserker began the quest for the Orb.
     0 | D        | Reached XP level 1. HP: 19/19 MP: 0/0
     7 | D        | Reached skill level 4 in Axes
     9 | D        | Reached ** piety under Trog
    14 | D        | Reached XP level 2. HP: 10/28 MP: 1/1
   214 | D        | Reached *** piety under Trog
   214 | D        | Reached skill level 5 in Axes
   217 | D        | Reached skill level 5 in Fighting
   217 | D        | Reached skill level 6 in Axes
   217 | D        | Reached XP level 3. HP: 37/37 MP: 2/2
   220 | D        | Reached skill level 7 in Axes
   223 | D        | Reached XP level 4. HP: 45/45 MP: 3/3
   234 | D        | Found a roughly hewn altar of Beogh.
   234 | D        | Found a snail-covered altar of Cheibriados.
   234 | D        | Found a shadowy altar of Dithmenos.
   234 | D        | Found a white marble altar of Elyvilon.
   234 | D        | Found a blossoming altar of Fedhas.
   234 | D        | Found an opulent altar of Gozag.
   235 | D        | Found a hazy altar of Hepliaklqana.
   236 | D        | Found a viscous altar of Jiyva.
   237 | D        | Found an ancient bone altar of Kikubaaqudgha.
   238 | D        | Found a corrupted altar of Lugonu.
   239 | D        | Found a burning altar of Makhleb.
   240 | D        | Found a sparkling altar of Nemelex Xobeh.
   241 | D        | Found an iron altar of Okawaru.
   242 | D        | Found a stormy altar of Qazlal.
   243 | D        | Found a sacrificial altar of Ru.
   244 | D        | Found a deep blue altar of Sif Muna.
   245 | D        | Found a bloodstained altar of Trog.
   246 | D        | Found a hide-covered altar of Uskayaw.
   247 | D        | Found a radiant altar of Vehumet.
   248 | D        | Found an ornate altar of the Wu Jian Council.
   249 | D        | Found a shimmering altar of Xom.
   250 | D        | Found a basalt altar of Yredelemnul.
   251 | D        | Found a glowing silver altar of Zin.
   252 | D        | Found a glowing golden altar of the Shining One.
   284 | D        | Noticed a phantom
   284 | D        | Noticed an ogre
   284 | D        | Noticed a troll
   284 | D        | Noticed a two-headed ogre
   287 | D        | Killed a two-headed ogre
   287 | D        | Reached **** piety under Trog
   287 | D        | Reached skill level 13 in Axes
   287 | D        | Reached XP level 5. HP: 62/62 MP: 4/4
   287 | D        | Reached XP level 6. HP: 69/69 MP: 5/5
   287 | D        | Reached XP level 7. HP: 75/75 MP: 6/6
   293 | D        | Killed a troll
   293 | D        | Reached skill level 14 in Axes
   293 | D        | Reached XP level 8. HP: 85/85 MP: 7/7
   382 | D        | Noticed a cyclops
   385 | D        | Reached ***** piety under Trog
   390 | D        | Killed a cyclops
   390 | D        | Reached skill level 15 in Axes
   398 | D        | Received a gift from Trog
   398 | D        | Reached XP level 9. HP: 65/94 MP: 0/8
   543 | D        | Got the +0 pair of boots of Daress {rC+ rCorr Int+3 Slay+3}
   565 | D        | Reached skill level 16 in Axes
   566 | D        | Noticed an elephant
   568 | D        | Noticed a spiny frog
   572 | D        | Noticed a black mamba
   574 | D        | Received a gift from Trog
   580 | D        | Killed an elephant
   580 | D        | Reached ****** piety under Trog
   580 | D        | Reached skill level 17 in Axes
   584 | D        | Killed a spiny frog
   584 | D        | Reached skill level 15 in Fighting
   589 | D        | HP: 2/97 [poisoned by a black mamba]
   589 | D        | Slain by a black mamba

Skill      XL: |  1  2  3  4  5  6  7  8  9 |
---------------+----------------------------+-----
Fighting       | 4 5 6 11 12 13 15 | 15.0
Axes           | 4 6 7 13 14 15 17 | 17.6
Armour         | 3 6 7 |  7.8
Dodging        | 3 6 7 8 |  8.9
Stealth        | |  0.9

Action                   |  1- 3 |  4- 6 |  7- 9 || total
-------------------------+-------+-------+-------++-------
Melee: Hand axe          |    18 |       |       ||    18
       Headbutt          |     2 |     1 |    11 ||    14
       Broad axe         |       |     2 |    40 ||    42
Invok: Berserk           |     1 |     1 |     2 ||     4
  Eat: Ration            |       |       |     1 ||     1
Armor: Animal skin       |     2 |       |     2 ||     4
Dodge: Dodged            |    12 |       |    17 ||    29
